Match 38839637
Unlisted

Match 38839637
End
Construct Barracks
Riflemen Squad
Selects Advanced Infantry Battlegroup
Riflemen Squad
Grenade Package
Riflemen Squad
Selects Convert to Ranger Squad
Convert to Ranger Squad
Infantry Support Center
Convert to Ranger Squad
Riflemen Squad
Construct Motor Pool
M1 Anti-tank Gun Team
Selects Frontline Medical Station
Selects Ammunition Storage
Advanced Logistics
Selects M2A1 105mm Howitzer Emplacement
Engineer Squad
Survival Training
Selects Free Fire Drills
Chronicle
KrabbenSaft
X
Mael Radec
Mad Cow
aldivx
BigBadMattyP
GodlessPrayer
0
0

Comments sign in to comment!

No comments posted yet!